 Dungeon Crawl Stone Soup version 0.17-a0-1970-g7a13dd1 (webtiles) character file.

3003 SlimeFever the Insei (level 9, -3/68 HPs)
             Began as a Demonspawn Monk on Oct 4, 2015.
             Was a Believer of Ru.
             Slain by a yak (6 damage)
             ... on level 8 of the Dungeon.
             The game lasted 01:11:55 (9075 turns).

SlimeFever the Insei (Demonspawn Monk)              Turns: 9075, Time: 01:11:55

Health: -3/68      AC:  5    Str: 14    XL:     9   Next: 54%
Magic:  9/9        EV: 17    Int: 12    God:    Ru [**....]
Gold:   410        SH:  0    Dex: 16    Spells: 0 memorised, 8 levels left

rFire  . . .     SeeInvis .       - Unarmed
rCold  . . .     Clarity  .     b - +1 robe
rNeg   . . .     SustAt   .     (no shield)
rPois  .         Gourm    .     (no helmet)
rElec  .         Spirit   .     h - +1 cloak
rCorr  .         Warding  .     (no gloves)
rMut   .         Stasis   .     (no boots)
MR     .....                    (no amulet)
Stlth  +++++++...               (no ring)
                                k - ring of flight

@: no potions, starving, drained, not resistant to hostile enchantments,
extremely stealthy
A: nightstalker 3, spiny 1, inability to drink while threatened, no charms
magic, no fire magic, no hexes magic
a: Renounce Religion, Evoke Flight


You were on level 8 of the Dungeon.
You worshipped Ru.
Ru was pleased with you.
You were starving.

You visited 2 branches of the dungeon, and saw 9 of its levels.
You also visited: Sewer.

You collected 410 gold pieces.

Inventory:

Hand weapons
 a - a +0 longbow
Missiles
 m - 12 poisoned arrows
 p - 125 arrows
 r - 16 tomahawks
 x - 3 tomahawks of returning (quivered)
Armour
 b - a +1 robe (worn)
 h - a +1 cloak (worn)
Jewellery
 k - a ring of flight (left hand)
Scrolls
 e - 4 scrolls of blinking
 f - 9 scrolls of remove curse
 j - 3 scrolls of identify
 l - a scroll of teleportation
 q - 2 scrolls of fog
 B - 2 scrolls of magic mapping
Potions
 c - 2 potions of resistance
 g - a potion of poison
 n - 2 potions of heal wounds {unknown}
 o - 4 potions of agility
 s - 7 potions of curing
 t - 2 potions of brilliance {unknown}
 u - a potion of invisibility {unknown}
 v - a potion of flight {unknown}
 w - 2 potions of might
 D - 2 potions of berserk rage
Comestibles
 d - 3 bread rations
 i - 6 beef jerkies


   Skills:
 + Level 5.0(4.9) Fighting
 + Level 0.6 Throwing
 * Level 7.1 Dodging
 * Level 7.3(7.2) Stealth
 * Level 7.6 Unarmed Combat


You had 8 spell levels left.
You didn't know any spells.

Dungeon Overview and Level Annotations

Branches:
Dungeon (8/15)             Temple (1/1) D:5
   Lair: D:8-11

Altars:
Ashenzari
Dithmenos
Elyvilon
Fedhas
Gozag
Kikubaaqudgha
Makhleb
Nemelex Xobeh
Okawaru
Qazlal
Ru
Sif Muna
Xom
Yredelemnul
Zin
The Shining One

Annotations:
D:4 Zebura's ghost, amateur OgAM


Innate Abilities, Weirdness & Mutations

You are completely attuned to the shadows.
You are partially covered in sharp spines.
You cannot drink potions while threatened.
You cannot study or cast Charms magic.
You cannot study or cast Fire magic.
You cannot study or cast Hexes magic.


Message History

The yak barely misses you. The yak is struck by your spines.
The yak closely misses you. The yak gores you!
You feel threatened and lose the ability to drink potions!
The yak gores you! The yak gores you!
* * * LOW HITPOINT WARNING * * *
There is an open door here.
You barely miss the yak.
The yak is severely wounded.
The yak gores you!
* * * LOW HITPOINT WARNING * * *
You barely miss the yak.
The yak is severely wounded.
You barely miss the yak.
The yak is severely wounded.
The yak gores you!
* * * LOW HITPOINT WARNING * * *
The yak is struck by your spines. The yak gores you.
You die...

........#........<.#######
........#..........#
##'''#####..>......# #.....##
#......[..#
.⌠.#.⌠.###.........######
#.#.#.#.##....##+#......##
.#.⌠.#..# ..'..........#
#.#.#.#.# #..........#
.⌠.#.⌠.## #.@Y.......#
#.#.#.#.## ##Y######'##
.#.⌠.#.⌠.# .. #YYY.#.....######
#.#.#.#.## ...#....#.....#....#
.⌠.#.⌠.#.#....#....#.....'....#
#.#.#.#.##....'....#.....#....#
.#...#.⌠.#....#..........#....#
#.⌠.⌠.#.##....#'##.......#....#
..._...## #......########....#


You could see 5 yaks.

Vanquished Creatures
  Grinder (D:3)
  Sigmund (D:5)
  Eustachio (D:6)
  3 yaks (D:7)
  Menkaure (D:5)
  A water moccasin (D:6)
  An ice beast (D:8)
  A phantom (D:7)
  An ogre (D:7)
  2 centaurs
  A necrophage (D:7)
  A big kobold (D:8)
  2 giant frogs (D:6)
  5 wights (D:8)
  A scorpion (D:6)
  A centaur zombie (D:7)
  A hound (D:7)
  Crazy Yiuf (D:3)
  A centaur skeleton (D:7)
  5 orc priests
  5 iguanas
  An orc wizard (D:5)
  7 worker ants
  A hound skeleton (D:4)
  3 gnolls (D:4)
  6 river rats
  A worker ant zombie (D:8)
  8 adders
  2 shadow imps (D:6)
  2 oozes
  An adder zombie (D:7)
  An adder skeleton (D:7)
  A worm (D:5)
  22 orcs
  2 bat skeletons (D:8)
  3 bat zombies (D:8)
  9 giant cockroaches
  5 goblins
  3 hobgoblins
  17 jackals
  27 kobolds
  5 ball pythons (Sewer)
  6 bats
  6 giant geckos
  6 giant newts
  2 quokkas
  2 quokka skeletons
  28 rats
  A fungus (D:3)
215 creatures vanquished.

Notes
Turn   | Place    | Note
--------------------------------------------------------------
     0 | D:1      | SlimeFever the Demonspawn Monk began the quest for the Orb.
     0 | D:1      | Reached XP level 1. HP: 18/18 MP: 1/1
   390 | D:1      | Gained mutation: You are slightly more attuned to the shadows. [demonic ancestry]
   390 | D:1      | Reached XP level 2. HP: 20/24 MP: 2/2
   893 | D:2      | Reached skill level 4 in Unarmed Combat
  1142 | D:2      | Found an opulent altar of Gozag.
  1176 | D:2      | Reached XP level 3. HP: 21/29 MP: 3/3
  2120 | D:3      | HP: 1/29 [orc/tomahawk (1)]
  2469 | D:3      | Gained mutation: You are partially covered in sharp spines. [demonic ancestry]
  2469 | D:3      | Reached XP level 4. HP: 35/35 MP: 4/4
  2807 | D:3      | Noticed Crazy Yiuf
  2829 | D:3      | Killed Crazy Yiuf
  2970 | D:3      | Reached XP level 5. HP: 39/41 MP: 5/5
  3022 | D:3      | Noticed Grinder
  3024 | D:3      | Paralysed by Grinder for 4 turns
  3034 | D:3      | Paralysed by Grinder for 6 turns
  3037 | D:3      | Killed Grinder
  3037 | D:3      | Gained mutation: You are significantly more attuned to the shadows. [demonic ancestry]
  3037 | D:3      | Reached XP level 6. HP: 11/47 MP: 6/6
  3375 | D:4      | Noticed Zebura's ghost (amateur OgAM)
  3539 | D:4      | Found a glowing golden altar of the Shining One.
  3779 | D:4      | Got an ancient buckler
  3799 | D:4      | Reached skill level 5 in Unarmed Combat
  3804 | D:4      | Reached skill level 5 in Dodging
  3940 | D:4      | Found a basalt altar of Yredelemnul.
  4097 | D:5      | Entered Level 5 of the Dungeon
  4129 | D:5      | Gained mutation: You are completely attuned to the shadows. [demonic ancestry]
  4129 | D:5      | Reached XP level 7. HP: 20/54 MP: 7/7
  4181 | D:5      | Noticed Menkaure
  4191 | D:5      | Killed Menkaure
  4222 | D:5      | Noticed Sigmund
  4246 | D:5      | Killed Sigmund
  4321 | D:5      | Found a glowing drain.
  4327 | Sewer    | Entered a sewer
  4814 | Sewer    | Reached skill level 5 in Stealth
  5283 | D:5      | Reached XP level 8. HP: 60/60 MP: 8/8
  5288 | D:5      | Found a staircase to the Ecumenical Temple.
  5301 | Temple   | Entered the Ecumenical Temple
  5398 | Temple   | Became a worshipper of Ru the Awakened
  5405 | Temple   | Gained mutation: You cannot drink potions while threatened. [Ru sacrifice]
  5405 | Temple   | Acquired Ru's first power
  6727 | D:6      | Reached skill level 6 in Stealth
  6960 | D:6      | Found a shimmering altar of Xom.
  7388 | D:6      | Noticed Eustachio
  7408 | D:6      | Killed Eustachio
  7914 | D:7      | Reached XP level 9. HP: 66/66 MP: 9/9
  7989 | D:7      | Reached skill level 7 in Unarmed Combat
  8177 | D:7      | Reached skill level 1 in Bows
  8204 | D:7      | Gained mutation: You cannot study or cast Fire magic. [Ru sacrifice]
  8204 | D:7      | Gained mutation: You cannot study or cast Hexes magic. [Ru sacrifice]
  8204 | D:7      | Gained mutation: You cannot study or cast Charms magic. [Ru sacrifice]
  8204 | D:7      | Acquired Ru's second power
  8778 | D:8      | Found an ancient bone altar of Kikubaaqudgha.
  8984 | D:8      | Reached skill level 5 in Fighting
  9075 | D:8      | HP: 3/68 [yak (10)]
  9075 | D:8      | Slain by a yak

Vault maps used:
D:1:      lightli_arrival_boilingwater
D:2:      grunt_gozag_breadcrumbs
D:3:      uniq_grinder, uniq_crazy_yiuf_cottage
D:4:      nicolae_tso_carved_into_rock, nicolae_overflow_crystal_walls,
          first_bread
D:5:      minmay_temple_entry_statues_fountains, portal_sewer_entry_a,
          uniq_menkaure, uniq_sigmund
D:6:      lemuel_crystal_altar, minivault_1, uniq_eustachio
D:7:      grunt_ogre_cave
D:8:      kennysheep_mini_moat, kennysheep_vampire_church, serial_shops, shop,
          uniq_pikel
Temple:   bh_familiar_temple
Sewer:    sewer_minmay_treatment

Action                   |  1- 3 |  4- 6 |  7- 9 || total
-------------------------+-------+-------+-------++-------
Melee: Unarmed           |   167 |   112 |   327 ||   606
 Fire: Shortbow          |       |       |    19 ||    19
       Longbow           |       |       |    13 ||    13
Throw: Throwing net      |       |       |     1 ||     1
       Tomahawk          |       |       |     1 ||     1
Invok: Sacrifice Drink   |       |       |     1 ||     1
       Sacrifice Arcana  |       |       |     1 ||     1
  Use: Scroll            |    12 |     5 |     1 ||    18
       Potion            |     2 |     1 |     2 ||     5
 Stab: Sleeping          |     7 |     7 |    43 ||    57
       Distracted        |       |     1 |     1 ||     2
  Eat: Bread ration      |     1 |     1 |     3 ||     5
       Pizza             |       |     1 |       ||     1
